cohdb
Replays
Latest Replays
All Replays
Popular Replays
Top Player Replays
Match Explorer
How It Works
Community
CoH3 Stats
Reddit
Sign in to upload your games and track your stats! →
Sign in with Steam
Match 47096885
Unlisted
Match 47096885
Overview
Messages
Build Orders
End
Kradschützen Motorcycle Team
Selects Italian Infantry
Panzerpioneer Squad
Panzerpioneer Squad
Construct Light Support Kompanie
MG34 Team
Panzerjäger Squad
Fire Support Elements
Selects Guastatori Squad
Guastatori Squad
2.5-tonne Medical Truck
Panzerjäger Mechanized Group
Selects Registered Artillery
Veteran Squad Leaders
Guastatori Squad
Registered Artillery
Selects Defensive Operations
Construct Panzerarmee Kommand
Vehicle Survival Package
Emergency Repair Kits
Selects Prepared Positions
Rapid Advance
Registered Artillery
Armored Reserves
Panzer IV Assault Group
Selects Obice 305mm Barrage
Registered Artillery
mongman
DoubleCores
Speedbird
Tiensin
0
0
Comments
sign in to comment!
No comments posted yet!